 Dungeon Crawl Stone Soup version 0.26.1-11-gd32895ea62 (webtiles) character file.

Game seed: 7428818960897050594

9692 Zeld the Severer (level 11, 0/88 HPs)
             Began as a Deep Dwarf Fighter on June 5, 2021.
             Was an Elder of Makhleb.
             Slain by an orc knight
             ... wielding a +1 glaive of flaming
              (2 damage)
             ... on level 2 of the Orcish Mines.
             The game lasted 00:15:02 (8819 turns).

Zeld the Severer (Deep Dwarf Fighter)               Turns: 8819, Time: 00:15:03

Health: 0/88       AC: 20    Str: 24    XL:     11   Next: 26%
Magic:  1/1        EV:  9    Int:  8    God:    Makhleb [****..]
Gold:   898        SH: 13    Dex: 12    Spells: 10/10 levels left

rFire    . . .     SeeInvis +   a - +4 war axe
rCold    . . .     Faith    .   c - +4 kite shield
rNeg     . . .     Spirit   .   L - +0 plate armour
rPois    +         Reflect  .   n - +2 helmet
rElec    .         Harm     .   R - +0 cloak
rCorr    .         Rampage  .   J - +2 pair of gloves
Will     +....                  P - +0 pair of boots
Stlth    ..........             (no amulet)
HPRegen  0.00/turn              z - ring of poison resistance
MPRegen  0.07/turn              w - ring of see invisible

@: non-regenerating
A: damage resistance, heal wounds, sense surroundings 2, no regeneration
a: Heal Wounds, Renounce Religion, Minor Destruction, Lesser Servant of Makhleb,
Major Destruction


You were on level 2 of the Orcish Mines.
You worshipped Makhleb.
Makhleb was greatly pleased with you.
You visited 3 branches of the dungeon, and saw 12 of its levels.
You also visited: Ossuary.

You collected 1528 gold pieces.
You spent 630 gold pieces at shops.

Inventory:

Hand Weapons
 a - a +4 war axe (weapon)
Missiles
 u - 28 boomerangs
Armour
 c - a +4 kite shield (worn)
 n - a +2 helmet (worn)
 J - a +2 pair of gloves (worn)
 L - a +0 plate armour (worn)
 P - a +0 pair of boots (worn)
 R - a +0 cloak (worn)
Jewellery
 t - an uncursed ring of protection from cold
 v - an uncursed ring of protection from fire
 w - a ring of see invisible (right hand)
 z - a ring of poison resistance (left hand)
Wands
 b - a wand of flame (10)
 g - a wand of digging (6)
 l - a wand of iceblast (8)
 q - a wand of polymorph (14)
 K - a wand of disintegration (10)
 O - a wand of random effects (11)
Scrolls
 h - 6 scrolls of teleportation
 i - 4 scrolls of blinking {unknown}
 j - 5 scrolls of remove curse
 k - 5 scrolls of identify {unknown}
 m - 3 scrolls of fear {unknown}
 p - 2 scrolls of magic mapping {unknown}
 y - a scroll of fog {unknown}
 A - a scroll of holy word {unknown}
 E - 2 scrolls of torment {unknown}
 G - a scroll of immolation {unknown}
 M - a scroll of summoning {unknown}
Potions
 d - 3 potions of might
 e - 6 potions of heal wounds
 f - 4 potions of flight {unknown}
 o - 4 potions of resistance {unknown}
 r - 2 potions of berserk rage {unknown}
 s - 2 potions of haste {unknown}
 x - 8 potions of curing
 D - 4 potions of ambrosia {unknown}
 F - 2 potions of lignification {unknown}
 H - 2 potions of invisibility {unknown}
 I - 2 potions of magic
 N - a potion of attraction {unknown}
 Q - 2 potions of brilliance


   Skills:
 - Level 2.6 Fighting
 * Level 15.2 Axes
 - Level 3.2 Armour
 + Level 10.9 Dodging
 - Level 3.2 Shields


You had 10 spell levels left.
You didn't know any spells.
Your spell library contained the following spells:

 Spells                   Type           Power        Failure   Level
 Foxfire                  Conj/Fire      0%           100%        1
 Freeze                   Ice            0%           100%        1
 Confusing Touch          Hex            0%           100%        3
 Conjure Flame            Conj/Fire      0%           100%        3
 Frozen Ramparts          Ice            0%           100%        3
 Gell's Gravitas          Tloc           0%           100%        3
 Inner Flame              Hex/Fire       0%           100%        3
 Ozocubu's Armour         Ice            0%           100%        3
 Summon Guardian Golem    Hex/Summ       0%           100%        3
 Hailstorm                Conj/Ice       0%           100%        4
 Passage of Golubria      Tloc           N/A          100%        4
 Petrify                  Tmut/Erth      0%           100%        4
 Sticky Flame             Conj/Fire      0%           100%        4
 Summon Ice Beast         Ice/Summ       0%           100%        4
 Bolt of Magma            Conj/Fire/Erth 0%           100%        5
 Fireball                 Conj/Fire      0%           100%        5
 Iskenderun's Battlesphe  Conj           0%           100%        5
 Metabolic Englaciation   Hex/Ice        0%           100%        5
 Summon Mana Viper        Hex/Summ       0%           100%        5
 Yara's Violent Unravell  Hex/Tmut       0%           100%        5
 Iron Shot                Conj/Erth      0%           100%        6
 Orb of Destruction       Conj           0%           100%        7
 Spellforged Servitor     Conj/Summ      0%           100%        7


Dungeon Overview and Level Annotations

Branches:
Dungeon (9/15)             Temple (1/1) D:7             Orc (2/2) D:9
    Elf (0/3) Orc:2       Ossuary (visited)
   Lair: D:8-11

Altars:
Ashenzari
Cheibriados
Dithmenos
Elyvilon
Fedhas
Gozag
Hepliaklqana
Kikubaaqudgha
Makhleb
Nemelex Xobeh
Okawaru
Qazlal
Ru
Sif Muna
Trog
Uskayaw
Vehumet
Wu Jian
Xom
Yredelemnul
Zin
The Shining One

Shops:
D:9 [

Annotations:
D:3 2 exclusions


Innate Abilities, Weirdness & Mutations

You are resistant to damage.
You can heal yourself by infusing magical energy.
You passively map the area around you.
You do not regenerate.


Message History

The orc knight roars a battlecry!
The orcs go into a battle-frenzy!
An orc comes into view.
It is wielding a +0 mace and wearing a +2 leather armour of poison resistance.
You hear a shout!
You hit the orc knight but do no damage.
The orc knight is heavily wounded.
You hit the orc warrior.
The orc knight roars a battlecry!
The orc knight goes into a battle-frenzy!
The orc warrior hits you with a +0 dire flail!!
The orc warrior hits you from afar with a +0 glaive!
* * * LOW HITPOINT WARNING * * *
You are too injured to fight recklessly!
You are too injured to fight recklessly!
Unknown command.
Unknown command.
The orc knight hits you from afar with a +1 glaive of flaming!!
* * * LOW HITPOINT WARNING * * *
The orc knight burns you.
You die...

### ##.###....# ####..<### ..##
#.........####........# ** ...#
##.........##........## * ,
...####..........#.........# *
....#..[......................,
#......))..#...........##......
...........##..........#,......
#..>......##...[)))...###......
,
...............)@)o..).#.......
,
...............)))o...........,
...##.............o.......... ,
....##...........##o.......# ,
...^###.........####.[.....# *
, ..### ###......#####.)o...##
..## ##...#####.##o....# ...##
#..## #...#....## ....# ####
#........#


You could see 2 orc knights, 2 orc warriors and 2 orcs.

Vanquished Creatures
  A two-headed ogre (Orc:2)
  An orc high priest (Orc:1)
  An orc knight (Orc:2)
  An orc sorcerer (Orc:2)
  Joseph (D:7)
  Maggie (D:7)
  2 trolls
  A warg (Orc:2)
  Duvessa (D:7)
  17 orc warriors
  2 ice beasts
  3 sky beasts
  A phantom (D:6)
  4 ogres
  2 centaurs
  2 big kobolds
  6 bullfrogs
  Dowan (D:7)
  7 scorpions
  9 killer bees
  4 howler monkeys
  A centaur zombie (Ossuary)
  2 bullfrog zombies
  3 jellies
  2 quasits
  A centaur skeleton (D:6)
  6 hounds
  A human zombie (Ossuary)
  14 orc priests
  A gnoll shaman (D:8)
  18 orc wizards
  2 iguanas
  2 bullfrog skeletons
  Ijyb (D:2)
  4 worker ants
  A big kobold zombie (Ossuary)
  3 hound skeletons
  4 mummies (Ossuary)
  13 gnolls
  14 adders
  5 white imps
  An ufetubus (D:5)
  An ooze (D:2)
  3 adder skeletons
  4 worms
  The ghost of Zeld the Sneak, a weakling SpBr (D:4)
  7 leopard geckos
  68 orcs
  5 giant cockroaches
  13 goblins
  7 hobgoblins
  9 jackals
  13 kobolds
  2 quokkas (D:6)
  4 ball pythons
  7 bats
  14 frilled lizards
  A goblin zombie (D:5)
  A hobgoblin zombie (Ossuary)
  A jackal skeleton (D:4)
  2 kobold zombies (Ossuary)
  2 orc zombies (Ossuary)
  10 rats
342 creatures vanquished.

Vanquished Creatures (others)
  4 plants (D:1)
4 creatures vanquished.

Grand Total: 346 creatures vanquished

Notes
Turn   | Place    | Note
-------+----------+-------------------------------------------
     0 | D:1      | Zeld the Deep Dwarf Fighter began the quest for the Orb.
     0 | D:1      | Reached XP level 1. HP: 20/20 MP: 1/1
   105 | D:1      | Reached skill level 3 in Axes
   112 | D:1      | Reached XP level 2. HP: 18/27 MP: 2/2
   681 | D:2      | Reached XP level 3. HP: 33/33 MP: 3/3
   686 | D:2      | Reached skill level 4 in Axes
   863 | D:2      | Noticed Ijyb
   890 | D:2      | Killed Ijyb
   891 | D:2      | Reached skill level 1 in Dodging
   891 | D:2      | Reached XP level 4. HP: 34/40 MP: 4/4
  1041 | D:2      | Reached skill level 5 in Axes
  1235 | D:3      | Reached XP level 5. HP: 29/46 MP: 5/5
  1959 | D:4      | Reached skill level 6 in Axes
  1993 | D:4      | Reached XP level 6. HP: 47/55 MP: 5/5
  1997 | D:4      | Found a runed translucent gate.
  1997 | D:4      | Found a runed translucent gate.
  1997 | D:4      | Found a runed translucent gate.
  2011 | D:4      | Noticed Zeld's ghost (weakling SpBr)
  2437 | D:4      | Killed Zeld's ghost
  2464 | D:5      | Entered Level 5 of the Dungeon
  2464 | D:5      | Noticed a sky beast
  2467 | D:5      | Killed a sky beast
  2468 | D:5      | Reached skill level 7 in Axes
  2478 | D:5      | Noticed a sky beast
  2493 | D:5      | Reached XP level 7. HP: 51/61 MP: 6/6
  2523 | D:5      | Reached skill level 8 in Axes
  2561 | D:5      | Reached skill level 5 in Dodging
  2582 | D:5      | Reached XP level 8. HP: 43/68 MP: 7/7
  2652 | D:5      | Found a sand-covered staircase.
  2669 | Ossuary  | Entered an ossuary
  2722 | Ossuary  | Reached skill level 9 in Axes
  3723 | D:6      | Reached skill level 10 in Axes
  4119 | D:6      | Gained mutation: You passively map the area around you.
                  | [Deep Dwarf growth]
  4119 | D:6      | Reached XP level 9. HP: 64/74 MP: 5/5
  4618 | D:7      | Reached skill level 11 in Axes
  4633 | D:7      | Identified the Papyrus of the Creative Compass
  4652 | D:7      | Noticed Joseph
  4672 | D:7      | Killed Joseph
  4819 | D:7      | Found a staircase to the Ecumenical Temple.
  4828 | Temple   | Entered the Ecumenical Temple
  4849 | Temple   | Became a worshipper of Makhleb the Destroyer
  5113 | D:7      | Noticed Dowan
  5119 | D:7      | Noticed Duvessa
  5140 | D:7      | Killed Duvessa
  5141 | D:7      | Reached skill level 12 in Axes
  5164 | D:7      | Killed Dowan
  5222 | D:7      | Noticed Maggie
  5242 | D:7      | Killed Maggie
  5565 | D:8      | Reached * piety under Makhleb
  6042 | D:8      | Reached XP level 10. HP: 57/81 MP: 2/2
  6484 | D:9      | Found Zujopank's Antique Armour Boutique.
  6516 | D:9      | Reached skill level 13 in Axes
  6600 | D:9      | Reached ** piety under Makhleb
  6622 | D:9      | Found a staircase to the Orcish Mines.
  7014 | D:9      | Found a radiant altar of Vehumet.
  7212 | Orc:1    | Entered Level 1 of the Orcish Mines
  7213 | Orc:1    | You fall into a shaft and drop 1 floor!
  7213 | Orc:2    | Entered Level 2 of the Orcish Mines
  7213 | Orc:2    | Found a staircase to the Elven Halls.
  7236 | Orc:2    | Noticed an orc knight
  7548 | Orc:2    | Killed an orc knight
  7549 | Orc:2    | Reached skill level 14 in Axes
  7559 | Orc:2    | Reached *** piety under Makhleb
  7633 | Orc:1    | Reached skill level 10 in Dodging
  7762 | Orc:2    | Noticed an orc sorcerer
  7780 | Orc:2    | Killed an orc sorcerer
  7851 | Orc:2    | Noticed a two-headed ogre
  7871 | Orc:2    | Killed a two-headed ogre
  7872 | Orc:2    | Reached XP level 11. HP: 86/88 MP: 2/2
  8024 | Orc:1    | Found Samu's Distillery.
  8032 | Orc:1    | Bought a potion of brilliance for 60 gold pieces
  8032 | Orc:1    | Bought a potion of might for 60 gold pieces
  8032 | Orc:1    | Bought 2 potions of curing for 90 gold pieces
  8032 | Orc:1    | Bought a potion of magic for 120 gold pieces
  8032 | Orc:1    | Bought a potion of heal wounds for 75 gold pieces
  8032 | Orc:1    | Bought a potion of curing for 45 gold pieces
  8032 | Orc:1    | Bought a potion of curing for 45 gold pieces
  8104 | Orc:1    | Bought a potion of degeneration for 15 gold pieces
  8104 | Orc:1    | Bought a potion of mutation for 120 gold pieces
  8311 | Orc:2    | Reached **** piety under Makhleb
  8317 | Orc:2    | Noticed an orc high priest
  8324 | Orc:2    | Noticed a sun demon
  8346 | Orc:1    | Killed an orc high priest
  8347 | Orc:1    | Reached skill level 15 in Axes
  8788 | Orc:2    | Noticed an orc knight
  8814 | Orc:2    | Noticed an orc knight
  8819 | Orc:2    | HP: 2/88 [orc knight/+1 glaive of flaming (19)]
  8819 | Orc:2    | Slain by an orc knight

Illustrated notes

Levels and vault maps discovered:
D:1:      roderic_chinese_lattice_arrival, layout_loops_ring, minmay_lizard_king
D:2:      kennysheep_the_goblin_king, layout_rooms
D:3:      layout_loops_cross, minmay_statues_item, item_on_display_a
D:4:      layout_cave_pools, gammafunk_ghost_necromancy
D:5:      layout_basic, enter_ossuary_3, grunt_ministairs_6
D:6:      layout_basic, interstate_on_off
D:7:      layout_cave_pools, minmay_temple_entry_wispy, uniq_maggie,
          uniq_duvessa, uniq_joseph
D:8:      layout_basic, special_room [special_room_orc]
D:9:      layout_irregular_city, marbit_many_paths, david_orc_2, serial_shops,
          shop
Temple:   nicolae_temple_the_god_donut
Orc:1:    layout_diamond_mine, serial_shops, nicolae_shop_statue_plus
Orc:2:    st_orc_congregation, layout_diamond_mine, guppyfry_library_mini

Skill      XL: |  1  2  3  4  5  6  7  8  9 10 11 |
---------------+----------------------------------+-----
Axes           | 3 4 5 6 7 8 10 12 14 15 | 15.2
Dodging        | 1 2 4 5 6 8 10 | 10.9
Fighting       | |  2.6
Armour         | |  3.2
Shields        | |  3.2

Action                   |  1- 3 |  4- 6 |  7- 9 | 10-12 || total
-------------------------+-------+-------+-------+-------++-------
Melee: War axe           |   119 |   200 |   563 |   342 ||  1224
 Abil: Heal Wounds       |     1 |     5 |    24 |     5 ||    35
  Use: Scroll            |       |       |    12 |       ||    12
       Potion            |       |       |       |     1 ||     1
Armor: Scale mail        |    74 |    94 |    65 |       ||   233
       Plate armour      |       |       |   162 |   125 ||   287
Dodge: Dodged            |    42 |    95 |   157 |    81 ||   375
Block: Kite shield       |    74 |   131 |   275 |   212 ||   692
